 Dungeon Crawl Stone Soup version 0.27-a0-1140-g099f9bb0e8 (webtiles) character file.

Game seed: 9349921075836584133

2200 polve the Basher (level 9, -8/93 HPs)
             Began as an Ogre Berserker on May 8, 2021.
             Was a Priest of Trog.
             Mangled by a killer bee (9 damage)
             ... on level 7 of the Dungeon.
             The game lasted 00:06:16 (9272 turns).

polve the Basher (Ogre Berserker)                   Turns: 9272, Time: 00:06:17

Health: -8/93      AC:  4    Str: 26    XL:     9   Next: 34%
Magic:  0/9        EV: 10    Int:  8    God:    Trog [***...]
Gold:   287        SH:  0    Dex:  8    Spells: 8/8 levels left

rFire    . . .     SeeInvis +   w - +0 giant club
rCold    . . .     Faith    .   (shield currently unavailable)
rNeg     + . .     Spirit   +   b - +0 animal skin
rPois    .         Reflect  .   (helmet restricted)
rElec    .         Harm     .   k - +0 cloak
rCorr    .         Rampage  .   (gloves unavailable)
Will     .....                  (boots unavailable)
Stlth    +.........             s - amulet of guardian spirit
HPRegen  0.25/turn              l - ring of positive energy
MPRegen  0.11/turn              g - ring of see invisible

@: lethally poisoned (-8 -> -19), on berserk cooldown, slowed, very slow
A: large, unfitting armour, tough skin 1
a: Renounce Religion, Berserk, Trog's Hand


You were on level 7 of the Dungeon.
You worshipped Trog.
Trog was most pleased with you.
You visited 1 branch of the dungeon, and saw 7 of its levels.

You collected 287 gold pieces.

Inventory:

Hand Weapons
 w - a +0 giant club (weapon)
Armour
 b - a +0 animal skin (worn)
 k - a +0 cloak (worn)
Jewellery
 d - a ring of resist corrosion
 g - a ring of see invisible (right hand)
 l - a ring of positive energy (left hand)
 s - an amulet of guardian spirit (around neck)
Wands
 a - a wand of polymorph (9)
 p - a wand of iceblast (20)
Scrolls
 f - a scroll of acquirement {unknown}
 h - 5 scrolls of identify {unknown}
 n - 2 scrolls of vulnerability {unknown}
 t - 3 scrolls of teleportation {unknown}
 u - a scroll of amnesia {unknown}
 v - a scroll of noise {unknown}
Potions
 c - 4 potions of brilliance {unknown}
 e - a potion of ambrosia {unknown}
 i - a potion of cancellation {unknown}
 j - a potion of mutation {unknown}
 m - a potion of invisibility {unknown}
 o - 2 potions of flight {unknown}
 q - a potion of might {unknown}
 r - 2 potions of curing {unknown}
 x - 2 potions of lignification {unknown}
 z - 2 potions of heal wounds {unknown}


   Skills:
 + Level 7.0 Fighting
 * Level 10.6 Maces & Flails
 - Level 2.6 Dodging


You had 8 spell levels left.
You didn't know any spells.
Your spell library was empty.

Dungeon Overview and Level Annotations

Branches:
Dungeon (7/15)             Temple (0/1) D:6

Altars:
Ashenzari
Dithmenos
Hepliaklqana
Nemelex Xobeh
Uskayaw


Innate Abilities, Weirdness & Mutations

You are too large for most types of armour.
You have tough skin. (AC +1)


Message History

The killer bee closely misses you. The killer bee misses you.
The killer bee barely misses you.
You bludgeon the killer bee!!
You kill the killer bee!
Trog accepts your kill.
You feel very sick.
The killer bee barely misses you. x2; The bullfrog barely misses you.
You closely miss the killer bee.
You feel sick.
The killer bee closely misses you. x2; The bullfrog hits you.
The killer bee stings you. The killer bee closely misses you.
You miss the killer bee.
You feel sick. The killer bee barely misses you. The killer bee misses you.
The bullfrog closely misses you.
You miss the killer bee.
You feel sick. The killer bee stings you!
* * * LOW HITPOINT WARNING * * *
The killer bee stings you!
* * * LOW HITPOINT WARNING * * *
The bullfrog barely misses you. The killer bee barely misses you.
The killer bee stings you.
* * * LOW HITPOINT WARNING * * *
You miss the killer bee.
You feel sick. The killer bee closely misses you.
The bullfrog completely misses you. The killer bee closely misses you.
You miss the killer bee.
You feel sick. The killer bee barely misses you. x2
The bullfrog barely misses you. The killer bee barely misses you.
The killer bee stings you.
* * * LOW HITPOINT WARNING * * *
You miss the killer bee.
You feel sick. The bullfrog barely misses you.
The killer bee barely misses you. The killer bee stings you!
* * * LOW HITPOINT WARNING * * *
You are lethally poisoned!
The killer bee poisons you!
You thump the killer bee!
The killer bee is almost dead.
You are no longer berserk.
Trog's vigour flows through your veins.
You are exhausted.
You feel yourself slow down.
* * * LOW HITPOINT WARNING * * *
You feel very sick. The killer bee stings you!
You die...

...####.............
##...##....#..........
####.................##
..(.......##..........#
.###....####..........#
.....##...#........)..#
....[.................#
...............y.F....#
........##.....y@....#
........###..#.......#
........# ##.........#
........#####.#......#
...<.................#
.................#####
.....########...##
###########..)#.##
######......###..#


You could see a bullfrog and 2 killer bees.

Vanquished Creatures
  Sigmund (D:3)
  A water moccasin (D:6)
  An ice beast (D:6)
  A black bear (D:7)
  3 necrophages (D:6)
  A sky beast (D:5)
  An ogre (D:5)
  2 centaurs
  Blork the orc (D:4)
  2 gnoll sergeants
  4 scorpions
  A killer bee (D:7)
  A centaur zombie (D:5)
  A jelly (D:6)
  A bullfrog zombie (D:5)
  3 hounds
  Crazy Yiuf (D:6)
  2 bullfrog skeletons
  An orc priest (D:6)
  A gnoll shaman (D:5)
  An iguana (D:3)
  2 orc wizards (D:6)
  Terence (D:2)
  A killer bee zombie (D:4)
  A hound zombie (D:5)
  13 gnolls
  2 adders
  A shadow imp (D:5)
  An ufetubus (D:7)
  An adder skeleton (D:4)
  A worm (D:4)
  2 orcs
  7 endoplasms
  2 giant cockroaches
  9 goblins
  5 hobgoblins
  12 jackals
  4 quokkas
  8 ball pythons
  3 bats
  5 frilled lizards
  9 kobolds
  5 rats
126 creatures vanquished.

Notes
Turn   | Place    | Note
-------+----------+-------------------------------------------
     0 | D:1      | polve the Ogre Berserker began the quest for the Orb.
     0 | D:1      | Reached XP level 1. HP: 24/24 MP: 1/1
    65 | D:1      | Reached skill level 3 in Maces & Flails
    65 | D:1      | Reached XP level 2. HP: 19/32 MP: 2/2
   588 | D:1      | Reached XP level 3. HP: 39/39 MP: 3/3
   764 | D:1      | Found a faded altar of an unknown god.
  1159 | D:2      | Noticed Terence
  1167 | D:2      | Killed Terence
  1168 | D:2      | Reached skill level 4 in Maces & Flails
  1170 | D:2      | Reached XP level 4. HP: 48/48 MP: 4/4
  1627 | D:2      | Reached ** piety under Trog
  2040 | D:3      | Noticed Sigmund
  2050 | D:3      | Killed Sigmund
  2051 | D:3      | Reached skill level 6 in Maces & Flails
  2051 | D:3      | Reached XP level 5. HP: 33/54 MP: 5/5
  2051 | D:3      | Reached XP level 6. HP: 38/62 MP: 6/6
  4398 | D:4      | Reached skill level 7 in Maces & Flails
  4398 | D:4      | Reached XP level 7. HP: 40/70 MP: 7/7
  4745 | D:4      | Noticed Blork the orc
  4753 | D:4      | Killed Blork the orc
  4936 | D:4      | Found a shadowy altar of Dithmenos.
  4936 | D:4      | Found a hide-covered altar of Uskayaw.
  4936 | D:4      | Found a sparkling altar of Nemelex Xobeh.
  5309 | D:5      | Entered Level 5 of the Dungeon
  5423 | D:4      | Reached skill level 8 in Maces & Flails
  5632 | D:5      | Found a broken altar of Ashenzari.
  5636 | D:5      | Saw a vision of the Shoals and the Spider Nest.
  5636 | D:5      | Noticed a hornet
  5636 | D:5      | Noticed a hornet
  5636 | D:5      | Noticed a redback
  5636 | D:5      | Noticed a redback
  5636 | D:5      | Noticed a wolf spider
  5636 | D:5      | Noticed a redback
  5636 | D:5      | Noticed a sea snake
  5636 | D:5      | Noticed a merfolk
  5636 | D:5      | Noticed a wolf spider
  5636 | D:5      | Noticed a wolf spider
  5637 | D:5      | Noticed a hornet
  5637 | D:5      | Noticed a redback
  6263 | D:5      | Reached XP level 8. HP: 57/78 MP: 8/8
  6584 | D:5      | Reached skill level 9 in Maces & Flails
  7131 | D:6      | Reached skill level 5 in Fighting
  7148 | D:6      | Reached *** piety under Trog
  7485 | D:6      | Found a runed translucent door.
  7486 | D:6      | Noticed Crazy Yiuf
  7542 | D:6      | Reached skill level 10 in Maces & Flails
  7818 | D:6      | Found a staircase to the Ecumenical Temple.
  7918 | D:6      | Reached XP level 9. HP: 76/89 MP: 7/9
  8162 | D:6      | Found a hazy altar of Hepliaklqana.
  8316 | D:6      | Killed Crazy Yiuf
  9271 | D:7      | HP: 6/139 [killer bee (9)]
  9272 | D:7      | HP: 1/93 [poisoned by a killer bee]
  9272 | D:7      | Mangled by a killer bee

Illustrated notes

Levels and vault maps discovered:
D:1:      erik_arrival_cave_to_civilisation [erik_arrival_cave_to_temple],
          layout_basic, hellmonk_ecumenical_altar_heavens_door,
          minmay_misc_feat_roman
D:2:      layout_basic, minmay_misc_feat_columns, uniq_terence
D:3:      layout_basic, uniq_sigmund
D:4:      wad_crossroads, layout_basic, gammafunk_temple_overflow_claw,
          uniq_blork_the_orc
D:5:      layout_loops_cross, grunt_ashenzari_visionary
          [grunt_ashenzari_visionary_shoals, grunt_ashenzari_visionary_spider],
          kennysheep_generic_room_4
D:6:      layout_loops_cross, overflow_temple_1_default,
          minmay_temple_entry_glassed_door, uniq_crazy_yiuf_cottage
D:7:      layout_rooms, serial_shops, shop, david_defended_altar_orc

Skill      XL: |  1  2  3  4  5  6  7  8  9 |
---------------+----------------------------+-----
Maces & Flails | 3 4 6 7 8 10 | 10.6
Fighting       | 5 7 |  7.0
Dodging        | |  2.6

Action                   |  1- 3 |  4- 6 |  7- 9 || total
-------------------------+-------+-------+-------++-------
Melee: Mace              |    53 |     3 |       ||    56
       Flail             |       |   117 |    89 ||   206
       Giant club        |       |       |   137 ||   137
Invok: Berserk           |     2 |     3 |     8 ||    13
 Stab: Sleeping          |     1 |       |       ||     1
Armor: Animal skin       |    15 |    21 |    49 ||    85
Dodge: Dodged            |    24 |    67 |   172 ||   263

Table legend: (Time is in decaauts)
 A = Elapsed time spent in this place.
 B = Non-inter-level travel time spent in this place.
 C = Inter-level travel time spent in this place.
 D = Time resting spent in this place.
 E = Time spent auto-exploring this place.
 F = Levels seen in this place.
 G = Mean time per level.
                   A        B        C        D        E       F      G
               +--------+--------+--------+--------+--------+-----+--------+
         Total |   9425 |   9202 |    223 |     67 |   8218 |   7 | 1346.4 |
       Dungeon |   9425 |   9202 |    223 |     67 |   8218 |   7 | 1346.4 |
               +--------+--------+--------+--------+--------+-----+--------+

Top non-repeatable levels by time:
     D:4: 2227 daAuts
     D:6: 1698 daAuts
     D:3: 1555 daAuts
     D:5: 1297 daAuts
     D:1: 1161 daAuts
     D:2: 807 daAuts
     D:7: 677 daAuts
